 Dungeon Crawl Stone Soup version bcrawl-1.12-10-g10a67aac0f (webtiles) character file.

Game seed: 5633982647855998849

16690 Freyura the Fighter (level 12, -1/110 HPs)
             Began as a Hill Orc Fighter on June 14, 2019.
             Was a High Priest of Okawaru.
             Slain by a tengu warrior
             ... wielding a +3 long sword of slicing
              (4 damage)
             ... on level 11 of the Dungeon on June 15, 2019.
             The game lasted 00:46:14 (13311 turns).

Freyura the Fighter (Hill Orc Fighter)             Turns: 13311, Time: 00:46:14

Health: -1/110     AC: 18    Str: 20    XL:     12   Next: 40%
Magic:  20/20      EV:  7    Int:  8    God:    Okawaru [*****.]
Gold:   487        SH: 12    Dex: 14    Spells: 11/11 levels left

rFire    + . .     SeeInvis .   g - +8 broad axe "Spiderbane" {freeze, rF+}
rCold    . . .     Gourm    .   c - +0 shield
rNeg     . . .     Faith    .   s - +0 chain mail
rPois    .         Spirit   .   (no helmet)
rElec    .         Reflect  .   r - +2 cloak
rCorr    .         Harm     .   (no gloves)
MR       .....                  k - +2 pair of boots {Stlth+}
Stlth    ..........             E - amulet of the acrobat
HPRegen  0.28/turn              (no ring)
MPRegen  0.17/turn              (no ring)

@: slowed, very slow
A: no striking features
a: Heroism, Finesse, Renounce Religion


You were on level 11 of the Dungeon.
You worshipped Okawaru.
Okawaru was extremely pleased with you.
You were hungry.

You visited 1 branch of the dungeon, and saw 11 of its levels.

You collected 487 gold pieces.

Inventory:

Hand Weapons
 g - the +8 broad axe "Spiderbane" (weapon) {freeze, rF+}
   (Okawaru gifted it to you on level 10 of the Dungeon)

   It has been specially enchanted to freeze those struck by it, causing extra
   injury to most foes and up to half again as much damage against particularly
   susceptible opponents.
   It can also slow down cold-blooded creatures.
   It protects you from fire.
 j - a +2 flail of protection
 n - a +4 flail
 x - a +4 quick blade
Armour
 c - a +0 shield (worn)
 d - the +1 pair of boots of Famaw {Int+2 Dex+4, unknown}
   (Okawaru gifted it to you on level 11 of the Dungeon)

   It affects your intelligence (+2).
   It affects your dexterity (+4).
 k - a +2 pair of boots of stealth (worn)
 r - a +2 cloak (worn)
 s - a +0 chain mail (worn)
Magical Staves
 A - an uncursed staff of poison {unknown}
Jewellery
 w - an uncursed amulet of magic regeneration
 E - an amulet of the acrobat (around neck)
Wands
 i - a wand of digging (7)
 t - a wand of enslavement (9)
 u - a wand of random effects (10)
Scrolls
 l - 2 scrolls of magic mapping
 m - 2 scrolls of remove curse
 o - a scroll of fear
 p - 2 scrolls of blinking
 y - a scroll of teleportation
 C - 2 scrolls of amnesia
 D - a scroll of immolation
Potions
 a - 2 potions of haste
 b - a potion of berserk rage {unknown}
 e - 4 potions of mutation
 q - 3 potions of flight {unknown}
 v - a potion of agility {unknown}
 z - 2 potions of ambrosia {unknown}
 B - a potion of lignification {unknown}
Comestibles
 f - 13 rations {!d}


   Skills:
 * Level 11.4 Fighting
   Level 11.4 Short Blades
   Level 11.4 Long Blades
   Level 11.4 Axes
   Level 11.4 Maces & Flails
   Level 11.4 Polearms
   Level 11.4 Staves
 + Level 10.3 Armour
 + Level 10.3 Shields
   Level 11.4 Unarmed Combat
 + Level 11.4 Invocations


You had 11 spell levels left.
You didn't know any spells.
Your spell library contained the following spells:

 Spells                   Type           Power        Failure   Level  Hunger
 Sandblast                Erth           #.....       99%         1    ##.....
 Passwall                 Tmut/Erth      #.......     100%        2    ###....
 Stone Arrow              Conj/Erth      #.....       100%        3    ####...
 Petrify                  Tmut/Erth      #.......     100%        4    #####..
 Lee's Rapid Deconstruct  Erth           #.........   100%        5    ######.


Dungeon Overview and Level Annotations

Branches:
Dungeon (11/12)            Temple (0/1) D:6            Lair (0/6) D:9
    Orc: D:8-11      Vaults: D:11-12

Altars:
Cheibriados
Elyvilon
Fedhas
Gozag
Nemelex Xobeh
Okawaru
Qazlal
Trog
Vehumet
Xom
Yredelemnul
The Shining One

Annotations:
D:3 2 transporters


Message History

You feel sick. You block the tengu conjurer's attack.
The tengu conjurer pecks you.
* * * LOW HITPOINT WARNING * * *
The tengu conjurer claws you but does no damage.
You hit the tengu conjurer. You freeze the tengu conjurer.
You kill the tengu conjurer!
Okawaru accepts your kill.
The battlesphere dissipates.
You feel sick.
You are feeling hungry.
You feel sick.
You start resting.
You feel sick. x7
The tengu warrior is too close now for your liking.
You feel better.
You miss the tengu warrior. You block the tengu warrior's attack.
The tengu warrior pecks you but does no damage.
The tengu warrior claws you.
* * * LOW HITPOINT WARNING * * *
The tengu warrior hits you with a +3 long sword of slicing!
* * * LOW HITPOINT WARNING * * *
You die...

#.# ..# #..
#.# #.#
..########.###
Q............#
...........#Q#
############@#
#.# #........
#########


You could see a tengu warrior.

Vanquished Creatures
  A hydra (D:6)
  2 two-headed ogres (D:9)
  4 skeletal warriors (D:11)
  2 cyclopes
  An orc knight (D:10)
  An ugly thing (D:9)
  An orc sorcerer (D:9)
  A komodo dragon (D:10)
  An efreet (D:11)
  3 trolls
  A tengu conjurer (D:11)
  Prince Ribbit (D:6)
  Grinder (D:6)
  A meliai zombie (D:11)
  2 hippogriffs (D:10)
  9 yaks
  A wyvern (D:9)
  Eustachio (D:5)
  2 steam dragons
  3 soldier ants (D:8)
  A warg (D:9)
  An acid dragon (D:10)
  An ice beast (D:8)
  4 sky beasts
  3 orc warriors
  7 ogres
  A necrophage (D:6)
  2 eyes of draining (D:5)
  A phantom (D:8)
  5 centaurs
  2 crocodiles
  3 big kobolds
  A gnoll sergeant (D:8)
  3 bullfrogs
  5 scorpions
  11 killer bees
  5 wights (D:7)
  2 howler monkeys (D:7)
  2 centaur zombies
  6 crimson imps
  3 bullfrog zombies
  4 jellies
  2 bullfrog skeletons
  2 orc priests
  3 centaur skeletons
  11 orc wizards
  Jessica (D:3)
  2 iguanas
  10 worker ants
  A hound skeleton (D:4)
  11 gnolls
  12 adders
  A shadow imp (D:10)
  An adder zombie (D:5)
  An ooze (D:1)
  2 adder skeletons
  4 worms
  A dart slug (D:1)
  2 leopard geckos
  32 orcs
  A ball python (D:1)
  5 bats
  2 giant cockroaches
  5 goblins
  5 hobgoblins
  11 jackals
  2 quokkas
  A frilled lizard (D:1)
  20 kobolds
  A leopard gecko zombie (D:5)
  A quokka skeleton (D:4)
  A quokka zombie (D:5)
  4 rats
270 creatures vanquished.

Vanquished Creatures (others)
  2 butterflies (D:5)
2 creatures vanquished.

Grand Total: 272 creatures vanquished

Notes
Turn   | Place    | Note
-------+----------+-------------------------------------------
     0 | D:1      | Freyura the Hill Orc Fighter began the quest for the Orb.
     0 | D:1      | Reached XP level 1. HP: 20/20 MP: 1/1
   172 | D:1      | Found an iron altar of Okawaru.
   178 | D:1      | Became a worshipper of Warmaster Okawaru
   207 | D:1      | Reached XP level 2. HP: 23/28 MP: 2/2
  1038 | D:2      | Found a white marble altar of Elyvilon.
  1053 | D:2      | Reached skill level 1 in Invocations
  1053 | D:2      | Reached XP level 3. HP: 34/34 MP: 3/3
  1663 | D:3      | Reached XP level 4. HP: 32/41 MP: 3/5
  1871 | D:3      | Found a transporter.
  1881 | D:3      | Found a transporter.
  1914 | D:3      | Found a sparkling altar of Nemelex Xobeh.
  1914 | D:3      | Noticed Jessica
  1917 | D:3      | Killed Jessica
  1917 | D:3      | Reached XP level 5. HP: 43/47 MP: 6/6
  1964 | D:3      | Found an opulent altar of Gozag.
  2224 | D:4      | Reached skill level 5 in Fighting
  2244 | D:4      | Reached * piety under Okawaru
  2300 | D:4      | Reached XP level 6. HP: 43/56 MP: 8/8
  2577 | D:4      | Noticed a troll
  2597 | D:4      | Killed a troll
  2597 | D:4      | Reached ** piety under Okawaru
  2597 | D:4      | Reached skill level 5 in Armour
  2597 | D:4      | Reached skill level 5 in Shields
  2597 | D:4      | Reached XP level 7. HP: 32/63 MP: 7/10
  3091 | D:4      | Found a snail-covered altar of Cheibriados.
  3192 | D:5      | Entered Level 5 of the Dungeon
  3445 | D:5      | Reached XP level 8. HP: 36/70 MP: 8/11
  3626 | D:5      | Found a stormy altar of Qazlal.
  3935 | D:5      | Reached skill level 5 in Invocations
  4097 | D:5      | Found a shimmering altar of Xom.
  4194 | D:5      | Found a glowing golden altar of the Shining One.
  4195 | D:5      | Found a radiant altar of Vehumet.
  4367 | D:5      | Found a bloodstained altar of Trog.
  4367 | D:5      | Noticed Eustachio
  4463 | D:5      | Killed Eustachio
  4463 | D:5      | Reached *** piety under Okawaru
  4745 | D:5      | Found a blossoming altar of Fedhas.
  5050 | D:6      | Reached XP level 9. HP: 78/79 MP: 13/13
  5089 | D:6      | Noticed Prince Ribbit
  5471 | D:6      | Noticed Grinder
  5496 | D:6      | Paralysed by Grinder for 3 turns
  5501 | D:6      | Killed Grinder
  5540 | D:6      | Noticed a four-headed hydra
  5552 | D:6      | Killed a four-headed hydra
  5552 | D:6      | Reached **** piety under Okawaru
  5906 | D:6      | Found a staircase to the Ecumenical Temple.
  5989 | D:6      | Killed Prince Ribbit
  5989 | D:6      | Reached XP level 10. HP: 70/87 MP: 15/15
  6166 | D:6      | Reached ***** piety under Okawaru
  7087 | D:8      | Noticed a cyclops
  7110 | D:8      | Killed a cyclops
  7110 | D:8      | Received a gift from Okawaru
  8501 | D:8      | Reached XP level 11. HP: 92/99 MP: 18/18
  8964 | D:9      | Noticed a two-headed ogre
  8978 | D:9      | Killed a two-headed ogre
  8978 | D:9      | Reached skill level 10 in Fighting
  9188 | D:9      | Found a basalt altar of Yredelemnul.
  9238 | D:9      | Noticed a two-headed ogre
  9249 | D:9      | Killed a two-headed ogre
  9657 | D:9      | Found a staircase to the Lair.
  9769 | D:9      | Found a sparkling altar of Nemelex Xobeh.
  9939 | D:10     | Entered Level 10 of the Dungeon
  9939 | D:10     | Noticed an orc knight
  9939 | D:10     | Noticed an orc sorcerer
  9969 | D:9      | Reached skill level 10 in Invocations
  9972 | D:9      | Reached ****** piety under Okawaru
 10318 | D:9      | Killed an orc sorcerer
 10318 | D:9      | Received a gift from Okawaru
 10899 | D:10     | Noticed a purple ugly thing
 10921 | D:10     | Killed an orc knight
 10935 | D:9      | HP: 2/101 [purple ugly thing (13)]
 10940 | D:9      | Killed a purple ugly thing
 11755 | D:10     | Received a gift from Okawaru
 11760 | D:10     | Got a dazzling broad axe {god gift}
 11761 | D:10     | Identified the +8 broad axe "Spiderbane" {freeze, rF+}
                  | (Okawaru gifted it to you on level 10 of the Dungeon)
 11818 | D:10     | Noticed a cyclops
 11840 | D:10     | Killed a cyclops
 12386 | D:10     | Reached XP level 12. HP: 97/108 MP: 20/20
 12508 | D:10     | Reached skill level 10 in Shields
 12862 | D:11     | Reached skill level 10 in Armour
 13226 | D:11     | Received a gift from Okawaru
 13281 | D:11     | Got a pair of spiked boots {god gift}
 13289 | D:11     | Noticed a tengu warrior
 13311 | D:11     | HP: 3/110 [tengu warrior/+3 long sword of slicing (10)]
 13311 | D:11     | Slain by a tengu warrior

Skill      XL: |  1  2  3  4  5  6  7  8  9 10 11 12 |
---------------+-------------------------------------+-----
Invocations    | 1 2 4 6 7 9 10 11 | 11.4
Fighting       | 5 6 7 8 9 10 11 | 11.4
Armour         | 4 5 6 7 8 9 10 | 10.3
Shields        | 4 5 6 7 8 9 10 | 10.3
Short Blades   | | 11.4
Long Blades    | | 11.4
Axes           | | 11.4
Maces & Flails | | 11.4
Polearms       | | 11.4
Staves         | | 11.4
Unarmed Combat | | 11.4

Action                   |  1- 3 |  4- 6 |  7- 9 | 10-12 || total
-------------------------+-------+-------+-------+-------++-------
Melee: Flail             |    63 |    91 |   335 |   615 ||  1104
       Broad axe         |       |       |       |   117 ||   117
       Quick blade       |       |       |       |    25 ||    25
Invok: Heroism           |       |     2 |     6 |    16 ||    24
       Finesse           |       |       |       |     1 ||     1
Evoke: Wand              |       |       |     5 |     3 ||     8
  Use: Scroll            |     2 |     5 |     2 |    10 ||    19
       Potion            |       |     4 |     1 |     6 ||    11
  Eat: Ration            |     1 |       |     1 |     1 ||     3
       Chunk             |       |     2 |     8 |    20 ||    30
Armor: Scale mail        |    23 |     8 |       |       ||    31
       Chain mail        |       |    42 |   306 |   284 ||   632
Dodge: Dodged            |    26 |    28 |    86 |   165 ||   305
Block: Shield            |    33 |    54 |   223 |   426 ||   736
